 Dungeon Crawl Stone Soup version 0.22-a0-443-g17c3723 (webtiles) character file.

333 galech the Skirmisher (level 6, 0/66 HPs)
             Began as an Ogre Berserker on June 1, 2018.
             Was a Believer of Trog.
             Slain by Sigmund
             ... wielding a +4 vampiric scythe
              (18 damage)
             ... on level 3 of the Dungeon.
             The game lasted 00:05:27 (2957 turns).

galech the Skirmisher (Ogre Berserker)              Turns: 2957, Time: 00:05:28

Health: 0/66       AC:  3    Str: 24    XL:     6   Next: 53%
Magic:  6/6        EV: 11    Int:  8    God:    Trog [**....]
Gold:   123        SH:  0    Dex:  8    Spells: 5/5 levels left

rFire    . . .     SeeInvis .   k - +2 flail (crush)
rCold    . . .     Gourm    .   (no shield)
rNeg     . . .     Faith    .   b - +0 animal skin
rPois    .         Spirit   .   (helmet restricted)
rElec    .         Reflect  .   (no cloak)
rCorr    .         Harm     .   (gloves unavailable)
MR       .....                  (boots unavailable)
Stlth    +.........             (no amulet)
HPRegen  0.21/turn              o - ring of flight
MPRegen  0.10/turn              (no ring)

@: berserk cooldown, slowed, very slow
A: large, unfitting armour, tough skin 1
a: Berserk, Trog's Hand, Renounce Religion, Evoke Flight


You were on level 3 of the Dungeon.
You worshipped Trog.
Trog was pleased with you.
You were near starving.

You visited 1 branch of the dungeon, and saw 3 of its levels.

You collected 123 gold pieces.

Inventory:

Hand Weapons
 k - a +2 flail of crushing (weapon)
Armour
 b - a +0 animal skin (worn)
Jewellery
 o - a ring of flight (left hand)
Wands
 m - a wand of digging (11)
Scrolls
 e - 3 scrolls of identify {unknown}
 g - 2 scrolls of remove curse {unknown}
 h - a scroll of fog {unknown}
 l - a scroll of enchant armour {unknown}
Potions
 d - 4 potions of heal wounds {unknown}
 f - a potion of might {unknown}
 i - a potion of flight {unknown}
 j - a potion of cancellation {unknown}
 n - a potion of ambrosia {unknown}
Comestibles
 c - 9 rations


   Skills:
 + Level 5.5 Fighting
 + Level 4.9 Maces & Flails
 + Level 3.8 Dodging
 + Level 1.1 Stealth


You had 5 spell levels left.
You didn't know any spells.
Your spell library was empty.

Dungeon Overview and Level Annotations

Branches:
Dungeon (3/15)

Altars:
Ashenzari
Trog
Zin
Beogh

Annotations:
D:3 Sigmund


Innate Abilities, Weirdness & Mutations

You are too large for most types of armour.
You have tough skin. (AC +1)


Message History

Sigmund is severely wounded.
Sigmund casts a spell.
Sigmund flickers and vanishes!
Deactivating autopickup; reactivate with Ctrl-A.
You barely miss something. You closely miss something.
You are no longer berserk.
You are exhausted.
You feel yourself slow down.
Your skin stops crawling.
You feel less resistant to hostile enchantments.
Something barely misses you.
You hit something. Something hits you!
You closely miss something. Something hits you!
You miss something. Something hits you.
You are near starving!
You barely miss something. Something hits you!
* * * LOW HITPOINT WARNING * * *
You hit something. Something hits you!!
You die...

######...#.8.8.#............#####
#........##._.##........#####
..#####...#####.........#
.#######.....##.......### #
.#....####..........###....
...[..####.................
##..........#..............
##.....>..#.....(..........
.#....###...#..<@{......#..
......#...###[..........# .
...#.....#####.########...
..........Wg....# ##..
...#.###.###...## ..
..##.##..#.....# ..............##
...#.........## )...........##


There were no monsters in sight!

Vanquished Creatures
  A hungry ghost (D:3)
  An orc priest (D:3)
  An orc wizard (D:3)
  Ijyb (D:3)
  Terence (D:3)
  3 adders (D:2)
  3 worms
  2 dart slugs
  A leopard gecko (D:2)
  3 orcs (D:3)
  2 giant cockroaches
  5 goblins
  5 hobgoblins
  8 jackals
  3 kobolds
  A quokka (D:3)
  6 bats
  8 rats
55 creatures vanquished.

Notes
Turn   | Place    | Note
-------+----------+-------------------------------------------
     0 | D:1      | galech the Ogre Berserker began the quest for the Orb.
     0 | D:1      | Reached XP level 1. HP: 24/24 MP: 1/1
   291 | D:1      | Reached XP level 2. HP: 32/32 MP: 2/2
   968 | D:2      | Found a glowing silver altar of Zin.
   992 | D:2      | Reached XP level 3. HP: 38/40 MP: 3/3
  1144 | D:2      | Found a bloodstained altar of Trog.
  1187 | D:2      | Reached ** piety under Trog
  1374 | D:2      | Reached XP level 4. HP: 36/49 MP: 4/4
  1885 | D:3      | Noticed Ijyb
  1894 | D:3      | Killed Ijyb
  1932 | D:3      | Noticed a hungry ghost
  2114 | D:3      | Noticed Terence
  2119 | D:3      | Killed Terence
  2119 | D:3      | Reached XP level 5. HP: 51/55 MP: 5/5
  2584 | D:3      | Found a shattered altar of Ashenzari.
  2711 | D:3      | Found a roughly hewn altar of Beogh.
  2716 | D:3      | Reached skill level 5 in Fighting
  2716 | D:3      | Reached skill level 1 in Stealth
  2840 | D:3      | Killed a hungry ghost
  2840 | D:3      | Reached XP level 6. HP: 52/66 MP: 6/6
  2868 | D:3      | Noticed Sigmund
  2957 | D:3      | Slain by Sigmund

Vault maps used:
D:1:      dpeg_arrival_rooms_b, minmay_tiny_reverse_x
D:2:      old_standard_altar, trog_three_pillars_becter
D:3:      nicolae_overflow_quartered_altars, hex_tiny, kennysheep_orc_chapel,
          uniq_terence, uniq_ijyb, uniq_sigmund

Skill      XL: |  1  2  3  4  5 |
---------------+----------------+-----
Maces & Flails | 3 4 |  4.9
Dodging        | 3 |  3.8
Fighting       | 5 |  5.5
Stealth        | 1 |  1.1

Action                   |  1- 3 |  4- 6 || total
-------------------------+-------+-------++-------
Melee: Mace              |    78 |    44 ||   122
       Flail             |       |    86 ||    86
Invok: Berserk           |       |     4 ||     4
       Trog's Hand       |       |     3 ||     3
 Stab: Sleeping          |     1 |     1 ||     2
  Eat: Chunk             |     1 |    14 ||    15
       Ration            |       |     1 ||     1
Armor: Animal skin       |    23 |    43 ||    66
Dodge: Dodged            |    42 |    68 ||   110

Table legend:
 A = Spawn XP
 B = Non-spawn XP
 C = Spawn XP percentage of total XP
 D = Spawn monster count
 E = Non-spawn monster count
 F = Spawn count percentage of total count
 G = Total turns spent on level
                    A         B        C        D         E        F      G
               +---------+---------+-------+---------+---------+-------+---------
         Total |       0 |     477 |   0.0 |       0 |      55 |   0.0 |  2957
               +---------+---------+-------+---------+---------+-------+---------
           D:1 |       0 |      21 |   0.0 |       0 |      13 |   0.0 |   829
           D:2 |       0 |      71 |   0.0 |       0 |      17 |   0.0 |  1556
           D:3 |       0 |     385 |   0.0 |       0 |      25 |   0.0 |   572
               +---------+---------+-------+---------+---------+-------+---------
